 Dungeon Crawl Stone Soup version 0.32-a0-560-g4c7f4391e0 (webtiles) character file.

Game seed: 16992043817339870543

14 cforsyth the Grave Robber (level 2, -4/23 HPs)
             Began as a Mountain Dwarf Necromancer on Feb 29, 2024.
             Slain by Terence
             ... wielding a +0 flail
              (11 damage)
             ... on level 2 of the Dungeon.
             The game lasted 00:00:54 (1025 turns).

cforsyth the Grave Robber (MDNe)                    Turns: 1025, Time: 00:00:55

Health: -4/23      AC:  3    Str: 10    XL:     2   Next: 27%
Magic:  0/4        EV: 11    Int: 15    God:
Gold:   88         SH:  0    Dex: 10    Spells: 3/4 levels left

rFire   . . .        (no weapon)
rCold   . . .        (no shield)
rNeg    . . .        a - +0 robe
rPois   .            (no helmet)
rElec   .            c - +0 cloak
rCorr   .            (no gloves)
SInv    .            (no boots)
Will    .....        (no amulet)
Stlth   ++           (no ring)
HPRegen 0.23/turn    (no ring)
MPRegen 0.09/turn

%: no passive effects
@: no status effects
A: runic magic, artefact enchanting
a: no special abilities


You were on level 2 of the Dungeon.
You visited 1 branch of the dungeon, and saw 2 of its levels.

You collected 88 gold pieces.


Innate Abilities, Weirdness & Mutations

Your spellcasting is much less encumbered by armour.
You can use scrolls of enchantment on lesser artefacts.


   Skills:
 + Level 1.4 Fighting
 - Level 1.3 Dodging
 - Level 1.4 Stealth
 - Level 1.7 Spellcasting
 + Level 4.7 Necromancy


You had 3 spell levels left.
You knew the following spells:

 Your Spells              Type           Power      Damage    Failure   Level
X - Necrotise             Necr           60%        1d7       3%          1

Your spell library contained the following spells:

 Spells                   Type           Power      Damage    Failure   Level
 Vampiric Draining        Necr           15%        2d7       10%         3
 Inner Flame              Hex/Fire       1%         N/A       56%         3
 Animate Dead             Necr           15%        N/A       32%         4
 Curse of Agony           Necr           15%        N/A       65%         5
 Irradiate                Conj/Alch      0%         3d11      99%         5
 Ignition                 Fire           0%         3d3       100%        8

Inventory:

Armour
 a - a +0 robe (worn)
 c - a +0 cloak (worn)
Wands
 g - a wand of paralysis (2)
Scrolls
 d - a scroll of noise {unknown}
 e - a scroll of enchant weapon {unknown}
 f - a scroll of identify {unknown}
Potions
 b - a potion of magic

Dungeon Overview and Level Annotations

Branches:
Dungeon (2/15)

Altars:

Shops:
D:2 =

Annotations:
D:2 Terence

######## ......
######<.....#
......
#.......###.#
#...... #.####..#
#.# ....... #.#
#..# ... ..... #.#
#..#.#.#.###... #.#
#...........@#
#.######## #..#.@.#
.....#... ...#.∩.#
####.#.#####.##...#
#...##...)##...#
###.......##...#
#.##.##.##...#
#............#
##.####.###..#
#............#


You could see Terence.


Message History

Terence writhes in agony.
Terence writhes in agony.
Terence writhes in agony.
You are out of magic!
You are out of magic!
You are out of magic!
You are out of magic!
You are out of magic!
You are out of magic!
You hit Terence.
Terence is severely wounded.
Terence hits you with a +0 flail!
You barely miss Terence.
Terence is severely wounded.
Terence hits you with a +0 flail.
* * * LOW HITPOINT WARNING * * *
You hit Terence but do no damage.
Terence is severely wounded.
Terence hits you with a +0 flail.
* * * LOW HITPOINT WARNING * * *
Unknown command.
You hit Terence but do no damage.
Terence is severely wounded.
Terence closely misses you.
Unknown command.
You closely miss Terence.
Terence is severely wounded.
Terence hits you with a +0 flail!
You die...
Terence says, "That felt goooood."

Skill      XL: |  1 |
---------------+----+-----
Fighting       | 1 |  1.4
Dodging        | |  1.3
Stealth        | |  1.4
Spellcasting   | |  1.7
Necromancy     | |  4.7

Action                     || total
---------------------------++-------
  Melee: Unarmed           ||    11
   Cast: Necrotise         ||    21
 Armour: Robe              ||    10
  Dodge: Dodged            ||     2

Levels and vault maps discovered:
D:1:      onia_arrival_mini_spirals, layout_loops_corners, serial_bayou_pond_c
D:2:      layout_basic, shapermc_ecumenical_altar_mp_ritualfount, serial_shops,
          shop, minmay_tromino_v4_a, uniq_terence

Notes
Turn   | Place    | Note
-------+----------+-------------------------------------------
     0 | D:1      | cforsyth the Mountain Dwarf Necromancer began the quest for
                  | the Orb.
     0 | D:1      | Reached XP level 1. HP: 14/14 MP: 3/3
   235 | D:1      | Reached skill level 1 in Fighting
   323 | D:1      | Reached XP level 2. HP: 14/23 MP: 0/4
  1009 | D:2      | Found Veoge's Jewellery Emporium.
  1015 | D:2      | Noticed Terence
  1025 | D:2      | Slain by Terence

Vanquished Creatures
  2 endoplasms
  A giant cockroach (D:1)
  A goblin (D:1)
  3 hobgoblins (D:1)
  2 ball pythons (D:1)
  3 kobolds (D:1)
  A rat (D:1)
13 creatures vanquished.

Table legend: (Time is in decaauts)
 A = Elapsed time spent in this place.
 B = Non-inter-level travel time spent in this place.
 C = Inter-level travel time spent in this place.
 D = Time resting spent in this place.
 E = Time spent auto-exploring this place.
 F = Levels seen in this place.
 G = Mean time per level.
                   A        B        C        D        E       F      G
               +--------+--------+--------+--------+--------+-----+--------+
         Total |   1032 |    987 |     45 |      0 |    907 |   2 |  516.0 |
       Dungeon |   1032 |    987 |     45 |      0 |    907 |   2 |  516.0 |
               +--------+--------+--------+--------+--------+-----+--------+

Top non-repeatable levels by time:
     D:1: 970 daAuts
     D:2: 61 daAuts

Table legend:
 A = Non-vault XP
 B = Vault XP
 C = Vault XP percentage of total XP
 D = Non-vault monster count
 E = Vault monster count
 F = Vault count percentage of total count
                 A         B        C        D         E       F
            +---------+---------+-------+---------+---------+-------
      Total |      20 |       0 |   0.0 |      13 |       0 |   0.0
            +---------+---------+-------+---------+---------+-------
        D:1 |      18 |       0 |   0.0 |      12 |       0 |   0.0
        D:2 |       2 |       0 |   0.0 |       1 |       0 |   0.0
            +---------+---------+-------+---------+---------+-------
